 Dungeon Crawl Stone Soup version 0.22-a0-537-ge9e9f76342 (webtiles) character file.

75 Banto the Slasher (level 4, 0/35 HPs)
             Began as a Formicid Abyssal Knight on June 22, 2018.
             Was a Believer of Lugonu.
             Slain by a kobold
             ... wielding a +0 club
              (5 damage)
             ... on level 2 of the Dungeon.
             The game lasted 00:02:45 (1641 turns).

Banto the Slasher (Formicid Abyssal Knight)         Turns: 1641, Time: 00:02:46

Health: 0/35       AC:  3    Str: 16    XL:     4   Next: 55%
Magic:  5/6        EV: 11    Int: 12    God:    Lugonu [**....]
Gold:   66         SH:  3    Dex: 11    Spells: 3/3 levels left

rFire    . . .     SeeInvis +   a - +1 falchion
rCold    . . .     Gourm    .   h - +0 buckler
rNeg     . . .     Faith    .   b - +0 leather armour
rPois    .         Spirit   .   (helmet unavailable)
rElec    .         Reflect  .   (no cloak)
rCorr    .         Harm     .   (no gloves)
MR       .....                  (no boots)
Stlth    +.........             (no amulet)
HPRegen  0.11/turn              (no ring)
MPRegen  0.10/turn              (no ring)

@: lethally poisoned (0 -> -4)
A: permanent stasis, dig shafts and tunnels, four strong arms, antennae 3
a: Dig, Shaft Self, Depart the Abyss, Bend Space, Renounce Religion


You were on level 2 of the Dungeon.
You worshipped Lugonu.
Lugonu was pleased with you.
You were not hungry.

You visited 1 branch of the dungeon, and saw 2 of its levels.
You visited the Abyss 1 time.

You collected 66 gold pieces.

Inventory:

Hand Weapons
 a - a +1 falchion (weapon)
Armour
 b - a +0 leather armour (worn)
 h - a +0 buckler (worn)
Scrolls
 d - 2 scrolls of fear {unknown}
 i - 2 scrolls of teleportation {unknown}
 j - a scroll of remove curse {unknown}
Potions
 e - 2 potions of haste
 g - a potion of degeneration {unknown}
 k - a potion of lignification {unknown}
Comestibles
 c - a ration
 f - a chunk of flesh


   Skills:
 - Level 3.2 Fighting
 * Level 3.6 Long Blades
 - Level 2.1 Armour
 - Level 0.8 Dodging
 + Level 1.1 Shields
 + Level 3.3 Invocations


You had 3 spell levels left.
You didn't know any spells.
Your spell library was empty.

Dungeon Overview and Level Annotations

Branches:
Dungeon (2/15)

Altars:

Annotations:
D:2 Sigmund


Innate Abilities, Weirdness & Mutations

You cannot be hasted, slowed, berserked, paralysed or teleported.
You can dig through walls and to a lower floor.
Your four strong arms can wield two-handed weapons with a shield.
You have a pair of large antennae on your head. (SInv)


Message History

The worker ant is moderately wounded.
The worker ant bites you but does no damage.
You hit the worker ant.
The worker ant is moderately wounded.
The worker ant bites you.
You are poisoned.
The worker ant poisons you!
You take 4 damage, and have 11/35 hp.
You feel sick. The bat hits you but does no damage.
The worker ant barely misses you.
You take 1 damage, and have 10/35 hp.
You feel sick. The bat hits you but does no damage.
You take 1 damage, and have 9/35 hp.
You feel sick. The bat barely misses you.
You take 1 damage, and have 8/35 hp.
The bat barely misses you. Space bends around you!
You blink.
* * * LOW HITPOINT WARNING * * *
You feel sick. The kobold hits you with a club.
You die...

......?......
...........##
............# #
........(...#####..
..{....#((........
......##....#...# ....b#
##(#.#@#.. .....
##.....# ##.. #..@.g.##
#. ###...Kab.### #..
#...........#
##..##........ยง..##.
....................#
......................
....................#.
.................#....
##...###........##..#...
.


You could see Sigmund (invisible), a worker ant, a goblin, a bat and a kobold.

Vanquished Creatures
  A gnoll (D:1)
  An adder (D:2)
  An ooze (D:2)
  3 worms (D:2)
  A leopard gecko (D:1)
  4 giant cockroaches
  2 goblins (D:1)
  9 hobgoblins
  5 kobolds (D:1)
  5 bats (D:1)
  2 frilled lizards (D:2)
  8 rats
42 creatures vanquished.

Notes
Turn   | Place    | Note
-------+----------+-------------------------------------------
     0 | Abyss:1  | Banto the Formicid Abyssal Knight began the quest for the Orb.
     0 | Abyss:1  | Reached XP level 1. HP: 18/18 MP: 2/2
    30 | D:1      | Escaped the Abyss
   185 | D:1      | Reached XP level 2. HP: 15/24 MP: 3/3
   475 | D:1      | Reached XP level 3. HP: 15/29 MP: 5/5
   648 | D:1      | Reached ** piety under Lugonu
   928 | D:1      | Reached XP level 4. HP: 30/35 MP: 6/6
   990 | D:2      | Reached skill level 1 in Shields
  1628 | D:2      | Noticed Sigmund
  1641 | D:2      | Slain by a kobold

Vault maps used:
D:1:      kennysheep_arrival_forest, st_stairs_1, corexii_hall_statues_i,
          minmay_statues_item, minivault_4
D:2:      overflow_temple_1_default, uniq_sigmund

Skill      XL: |  1  2  3  4 |
---------------+-------------+-----
Long Blades    | 3 |  3.6
Invocations    | 3 |  3.3
Shields        | 1 |  1.1
Fighting       | |  3.2
Armour         | |  2.1
Dodging        | |  0.8

Action                   |  1- 3 |  4- 6 || total
-------------------------+-------+-------++-------
Melee: Falchion          |    90 |    54 ||   144
Invok: Bend Space        |       |     1 ||     1
  Use: Potion            |       |     2 ||     2
 Stab: Invisible         |       |     2 ||     2
  Eat: Chunk             |       |     3 ||     3
Armor: Leather armour    |    57 |    10 ||    67
Dodge: Dodged            |    93 |    33 ||   126
Block: Buckler           |     6 |    11 ||    17
       Rpst.: Falchion   |    27 |     8 ||    35

Table legend:
 A = Spawn XP
 B = Non-spawn XP
 C = Spawn XP percentage of total XP
 D = Spawn monster count
 E = Non-spawn monster count
 F = Spawn count percentage of total count
 G = Total turns spent on level
                    A         B        C        D         E        F      G
               +---------+---------+-------+---------+---------+-------+---------
         Total |       0 |     108 |   0.0 |       0 |      42 |   0.0 |  1641
               +---------+---------+-------+---------+---------+-------+---------
           D:1 |       0 |      58 |   0.0 |       0 |      28 |   0.0 |  1390
           D:2 |       0 |      50 |   0.0 |       0 |      14 |   0.0 |   221
               +---------+---------+-------+---------+---------+-------+---------

Table legend:
 A = Turns spent in this place as a percentage of turns spent in the entire game.
 B = Non-inter-level travel turns spent in this place as a percentage of non-inter-level travel turns spent in the entire game.
 C = Inter-level travel turns spent in this place as a percentage of turns spent in this place.
 D = Turns resting spent in this place as a percentage of non-inter-level travel turns spent in this place.
 E = Turns spent auto-exploring this place as a percentage of non-inter-level travel turns spent in this place.
 F = Non-inter-level travel turns spent in this place divided by the number of levels of this place that you've seen.
                   A       B       C       D       E      F
               +-------+-------+-------+-------+-------+----------------------
         Total | 100.0 | 100.0 |   1.2 |  49.1 |  25.0 | 540.7
       Dungeon |  98.2 |  98.2 |   1.2 |  50.1 |  25.5 | 796.0
         Abyss |   1.8 |   1.8 |   0.0 |   0.0 |   0.0 |  30.0
               +-------+-------+-------+-------+-------+----------------------

Table legend:
 A = Kills in this place as a percentage of kills in entire the game.
 B = Kills by you in this place as a percentage of kills by you in the entire game.
 C = Kills by friends in this place as a percentage of kills by friends in the entire game.
 D = Other kills in this place as a percentage of other kills in the entire game.
 E = Experience gained in this place as a percentage of experience gained in the entire game.
 F = Experience gained in this place divided by the number of levels of this place that you have seen.
                   A       B       C       D       E      F
               +-------+-------+-------+-------+-------+----------------------
         Total | 100.0 | 100.0 |   N/A |   N/A | 100.0 |  36.0
       Dungeon | 100.0 | 100.0 |   N/A |   N/A | 100.0 |  54.0
               +-------+-------+-------+-------+-------+----------------------
